[Event "*** Titled Tuesday Blitz"]
[Site "Chess.com"]
[Date "2021.03.02"]
[Round "7"]
[White "cukin84"]
[Black "Fraler15"]
[Result "1-0"]
[WhiteElo "2148"]
[BlackElo "2266"]
[TimeControl "180+1"]
[EndTime "11:17:12 PST"]
[Termination "cukin84 won by checkmate"]

1. e4 c5 2. Nc3 Nc6 3. Bb5 Nd4 4.
Bc4 g6 5. Nf3 Bg7 6. Nxd4 cxd4 7. Qf3 e6 8. Nb5 Qb6 9. Qg3 e5 10. Qa3 Ne7 11. Nd6+ Kf8 12. Nxf7 Rg8 13. O-O d5 14.
exd5 Kxf7 15. d6+ Be6 16. Bxe6+ Kxe6 17. dxe7 Bf6 18. Qh3+ Kxe7 19. c3 dxc3 20. dxc3 h5 21.
Be3 Qc6 22. b4 Rad8 23. Bc5+ Kf7 24. Rad1 b6 25. Be3 e4 26. Bd4 Bxd4 27. cxd4 Kg7 28. Rc1 Qd7 29. Qe3 Qxd4 30. Rc7+ Kf6 31. Qf4+ Ke6 32.
Qf7+ Ke5 33. Re7+ Kd6 34. Qe6# 1-0

[Event "*** Titled Tuesday Blitz"]
[Site "Chess.com"]
[Date "2021.03.02"]
[Round "7"]
[White "alejogarcia1999"]
[Black "Blitzking642"]
[Result "1/2-1/2"]
[WhiteElo "2519"]
[BlackElo "2370"]
[TimeControl "180+1"]
[EndTime "11:17:14 PST"]
[Termination "Game drawn by repetition"]

1. Nf3 c5 2. g3 g6 3. Bg2 Bg7 4. O-O Nc6 5. c3 d5 6. d4 cxd4 7. cxd4 Nf6 8. Nc3 Ne4 9. Ne5 Nxc3 10. Nxc6 Nxe2+ 11. Qxe2 bxc6 12. Re1 O-O 13. Qxe7 Qxe7 14. Rxe7 Bxd4 15. Rc7 Re8 16. Bh6 Re2 17. Rxc6 Rxf2 18. Kh1 Be6 19. Rd1 Bxb2 20. Bxd5 Bxd5+ 21. Rxd5 Re8 22. Kg1 Rfe2 23. Rd7 Bg7 24. Bxg7 Kxg7 25. Rcc7 Rxa2 26.
Rxf7+ Kh6 27. Rxh7+ Kg5 28. Rc5+ Kf6 29. Rc6+ Kg5 30.
Rc5+ Kf6 31. Rc6+ Kg5 32. Rc5+ 1/2-1/2

[Event "*** Titled Tuesday Blitz"]
[Site "Chess.com"]
[Date "2021.03.02"]
[Round "7"]
[White "FGHSMN"]
[Black "Zhigalko_Sergei"]
[Result "0-1"]
[WhiteElo "2671"]
[BlackElo "2905"]
[TimeControl "180+1"]
[EndTime "11:17:16 PST"]
[Termination "Zhigalko_Sergei won by resignation"]

1. e4 c5 2. Nf3 Nc6 3. d4 cxd4 4.
Nxd4 Nf6 5. Nc3 e5 6. Ndb5 d6 7. Bg5 a6 8. Na3 b5 9. Nd5 Be7 10. Bxf6 Bxf6 11. c3 Bg5 12. Nc2 Ne7 13. h4 Bh6 14. a4 bxa4 15. Rxa4 O-O 16. Be2 Nxd5 17. Qxd5 Be6 18. Qd3 a5 19. g3 Qb6 20. b4 axb4 21. Rxa8 Rxa8 22. cxb4 Ra2 23. O-O g6 24. b5 Qc5 25.
Ne3 Ra3 26. Qd2 Rxe3 27. fxe3 Bxe3+ 0-1

[Event "*** Titled Tuesday Blitz"]
[Site "Chess.com"]
[Date "2021.03.02"]
[Round "7"]
[White "schondeln"]
[Black "m_ezat"]
[Result "0-1"]
[WhiteElo "2393"]
[BlackElo "2531"]
[TimeControl "180+1"]
[EndTime "11:17:18 PST"]
[Termination "m_ezat won by resignation"]

1. e4 c6 2. Nc3 d5 3. f4 dxe4 4. Nxe4 Nd7 5. Nf3 Ngf6 6. Nf2 g6 7. b3 Bg7 8. Bb2 O-O 9. g3 Re8 10. Bg2 Qb6 11. O-O Ng4 12. Bxg7 Kxg7 13. Qe2 e5 14. fxe5 Ndxe5 15. Nxe5 Nxe5 16. Rae1 Bg4 17. Qe3 Nf3+ 18. Bxf3 Rxe3 19. Rxe3 Bxf3 20. Rxf3 f5 21. Kg2 Re8 22.
Nd3 Re2+ 23. R1f2 Rxf2+ 24. Rxf2 Qd4 25. Re2 Kf8 26. a4 c5 27. Nf4 Kf7 28. d3 g5 29. Ne6 Qd5+ 30. Kf2 h6 31. Ke1 Kf6 32. Kd2 a6 33. Re1 b5 34. axb5 axb5 35. Re2 c4 36. bxc4 bxc4 37. Re3 cxd3 38. cxd3 Qa2+ 39.
Kc3 Qxh2 40. Nd4 Qa2 41. Rf3 Qa5+ 42. Kc2 Qc5+ 0-1

[Event "*** Titled Tuesday Blitz"]
[Site "Chess.com"]
[Date "2021.03.02"]
[Round "7"]
[White "bilelou"]
[Black "GUST_b"]
[Result "0-1"]
[WhiteElo "2501"]
[BlackElo "2375"]
[TimeControl "180+1"]
[EndTime "11:17:18 PST"]
[Termination "GUST_b won by resignation"]

1. e4 c5 2. Nf3 Nc6 3. Bb5 g6 4. O-O Bg7 5. c3 Nf6 6. Re1 O-O 7. d4 d5 8. e5 Ne4 9. Bxc6 bxc6 10. Nbd2 cxd4 11.
cxd4 c5 12. dxc5 Nxc5 13. Nd4 Nd3 14. Re3 Nxe5 15. Qe1 Nc4 16. Nxc4 Bxd4 17. Ne5 Bxe3 18. Bxe3 Bf5 19. Bd4 Re8 20. h4 f6 21. Nc6 Qd7 22.
Na5 e5 23. Bc5 Rac8 24. b4 d4 25. Rc1 d3 26. Qd2 e4 27. Nc4 Rc6 28. h5 Be6 29. hxg6 hxg6 30. Na5 Rc7 31. a3 Rec8 32. Qf4 Kg7 33.
Qxe4 d2 34. Rd1 Rxc5 35. bxc5 Rxc5 36. Qe3 Rxa5 37. Rxd2 Rd5 0-1

[Event "*** Titled Tuesday Blitz"]
[Site "Chess.com"]
[Date "2021.03.02"]
[Round "7"]
[White "AldokhinIvan"]
[Black "kuba2006"]
[Result "1-0"]
[WhiteElo "2521"]
[BlackElo "2380"]
[TimeControl "180+1"]
[EndTime "11:17:19 PST"]
[Termination "AldokhinIvan won on time"]

1. e4 Nf6 2. e5 Nd5 3. Nc3 Nxc3 4. bxc3 d6 5. f4 dxe5 6. fxe5 e6 7. Nf3 b6 8. d4 Bb7 9. Bd3 Be7 10. O-O g5 11. Qe2 h5 12. Nd2 h4 13. Ne4 Bxe4 14. Bxe4 c6 15.
Qf3 Kd7 16. Qxf7 Rf8 17. Qh7 Rxf1+ 18. Kxf1 Qf8+ 19. Ke2 Kc8 20. Be3 Qd8 21. Rf1 Na6 22. Rf7 1-0

[Event "*** Titled Tuesday Blitz"]
[Site "Chess.com"]
[Date "2021.03.02"]
[Round "7"]
[White "NiranjanNavalgund"]
[Black "Mikedannnn"]
[Result "0-1"]
[WhiteElo "2438"]
[BlackElo "2576"]
[TimeControl "180+1"]
[EndTime "11:17:21 PST"]
[Termination "Mikedannnn won by resignation"]

1. e4 c5 2. Nf3 e6 3. d4 cxd4 4. Nxd4 Nc6 5. Nc3 Qc7 6. g3 a6 7.
Bg2 Nf6 8. O-O Be7 9. Re1 O-O 10. h3 d6 11. Kh2 Bd7 12. Nb3 b5 13. f4 b4 14. Nd5 exd5 15. exd5 Rfe8 16. dxc6 Bxc6 17.
Bd2 d5 18. Nd4 Bb7 19. Nf5 Bf8 20. Be3 g6 21. Bd4 Ne4 22. Ne3 f5 23. c3 bxc3 24.
bxc3 Rad8 25. Rc1 Bg7 26. Qa4 Nc5 27. Qa3 Nd3 28. Bxg7 Qxg7 29. Rcd1 Nxe1 30. Rxe1 d4 31. Qb3+ Kh8 32. Bxb7 dxe3 33. Bg2 e2 34. c4 Qd4 35. c5 Qd2 36. Qb1 Kg7 37. c6 Qd1 38. Qb2+ Kh6 39.
Rxd1 exd1=Q 40. c7 Rd2 41. Qb7 Qe2 42. g4 Qxg2+ 43.
Qxg2 Rxg2+ 44. Kxg2 Rc8 45. g5+ Kg7 0-1

[Event "*** Titled Tuesday Blitz"]
[Site "Chess.com"]
[Date "2021.03.02"]
[Round "7"]
[White "ukchessbomber"]
[Black "Abund"]
[Result "1-0"]
[WhiteElo "2554"]
[BlackElo "2660"]
[TimeControl "180+1"]
[EndTime "11:17:24 PST"]
[Termination "ukchessbomber won by resignation"]

1. d4 Nf6 2. c4 g6 3. Nc3 d5 4.
cxd5 Nxd5 5. e4 Nxc3 6. bxc3 Bg7 7. Be3 c5 8. Qd2 Qa5 9. Rc1 O-O 10. Nf3 Rd8 11. d5 Bg4 12. c4 Qc7 13. Be2 Nd7 14.
O-O e6 15. h3 Bxf3 16. Bxf3 Ne5 17. Be2 b5 18. cxb5 exd5 19. Rxc5 Qb7 20. Rxd5 Rxd5 21. Qxd5 Qb8 22. f4 Qe8 23. fxe5 Rd8 24. Qc6 Qxe5 25. Bc4 Kh8 26. Bxf7 Rf8 27. Bd5 Rd8 28. Qc2 Qg3 29.
Qf2 Qe5 30. Bxa7 Qc3 31. Bb6 Rb8 32. Be3 Re8 33. Bg5 h6 34. Bf6 Bxf6 35. Qxf6+ Qxf6 36. Rxf6 Kg7 37. Rf7+ Kh8 38. b6 Rb8 39. b7 1-0

[Event "*** Titled Tuesday Blitz"]
[Site "Chess.com"]
[Date "2021.03.02"]
[Round "7"]
[White "karinachess1"]
[Black "Arvids_Andrejevs"]
[Result "1-0"]
[WhiteElo "2514"]
[BlackElo "2370"]
[TimeControl "180+1"]
[EndTime "11:17:26 PST"]
[Termination "karinachess1 won by resignation"]

1. d4 d5 2. Nf3 Nf6 3. e3 e6 4.
Bd3 c5 5. b3 Nc6 6. a3 Bd6 7.
Bb2 b6 8. O-O Bb7 9. Nbd2 Qc7 10. Qe2 O-O 11. dxc5 bxc5 12. e4 Bf4 13. Rfe1 d4 14.
e5 Nxe5 15. Nxe5 Bxe5 16. Qxe5 Qc6 17. Nf3 Rad8 18. Qg3 Rd5 19. Bc1 Rh5 20. Ne5 Qd5 21.
Bg5 Qxg2+ 22. Qxg2 Bxg2 23. Bxf6 gxf6 24. Nd7 Rg5 25.
f4 Rg7 26. Nxf8 Bh3+ 27. Kf2 Rg2+ 28. Kf3 1-0

[Event "*** Titled Tuesday Blitz"]
[Site "Chess.com"]
[Date "2021.03.02"]
[Round "7"]
[White "Berardino"]
[Black "Lovkov_Roman"]
[Result "0-1"]
[WhiteElo "2567"]
[BlackElo "2717"]
[TimeControl "180+1"]
[EndTime "11:17:27 PST"]
[Termination "Lovkov_Roman won by resignation"]

1. e4 c5 2. Nf3 g6 3. d4 cxd4 4. Nxd4 Bg7 5. Nc3 Nc6 6. Be3 Nf6 7. Bc4 O-O 8. Bb3 Re8 9. O-O d6 10. h3 Bd7 11. Re1 Na5 12. Qf3 Nxb3 13. axb3 Qc7 14.
Bg5 Bc6 15. Rad1 Nd7 16. Nd5 Bxd5 17. exd5 Nf6 18. c4 Qb6 19. Qf4 a6 20. Qh4 Rac8 21.
Re3 Qc5 22. Nf3 b5 23. Rc1 Nxd5 24. Bxe7 Nxe3 0-1

[Event "*** Titled Tuesday Blitz"]
[Site "Chess.com"]
[Date "2021.03.02"]
[Round "7"]
[White "KruHor"]
[Black "Schachspielerr"]
[Result "0-1"]
[WhiteElo "2531"]
[BlackElo "2713"]
[TimeControl "180+1"]
[EndTime "11:17:27 PST"]
[Termination "Schachspielerr won by checkmate"]

1. e4 c6 2. d4 d5 3. Nd2 a6 4.
Ngf3 Bg4 5. h3 Bh5 6. Bd3 e6 7. c4 dxe4 8. Nxe4 Bb4+ 9. Nc3 Nf6 10. Bg5 Nbd7 11. g4 Bg6 12. Qc2 c5 13. Bxg6 hxg6 14. O-O-O cxd4 15. Nxd4 Rc8 16. Nxe6 fxe6 17. Qxg6+ Kf8 18. Ne4 Rxc4+ 19. Kb1 Be7 20. Nd6 Bxd6 21. Rxd6 Qe8 22. Qd3 Ne5 23. Qe2 Qg6+ 24. Ka1 Qxg5 25. Rxe6 Qc1+ 26. Rxc1 Rxc1# 0-1

[Event "*** Titled Tuesday Blitz"]
[Site "Chess.com"]
[Date "2021.03.02"]
[Round "7"]
[White "Bayernbk"]
[Black "ram1zan"]
[Result "1-0"]
[WhiteElo "2564"]
[BlackElo "2920"]
[TimeControl "180+1"]
[EndTime "11:17:30 PST"]
[Termination "Bayernbk won by resignation"]

1. e4 Nf6 2. Nc3 d5 3. e5 Ne4 4.
Nxe4 dxe4 5. d4 exd3 6. Qxd3 Qxd3 7. Bxd3 Nc6 8. f4 Be6 9. Nf3 O-O-O 10. Be4 f6 11. Be3 g6 12. Kf2 fxe5 13. Bxc6 exf4 14. Bd4 Rg8 15. Be4 h6 16. Rad1 Bg4 17. h3 Bh5 18.
Be5 Bg7 19. Bxg7 Rxd1 20. Rxd1 Rxg7 21. Rd4 c5 22. Rc4 b6 23. b4 g5 24. Ne5 Kc7 25.
bxc5 bxc5 26. Rxc5+ Kd6 27. Ra5 e6 28. Nc4+ Ke7 29. Rxa7+ Kf6 30. Rxg7 Kxg7 31. Bc6 Be8 32. Bxe8 Kf8 1-0

[Event "*** Titled Tuesday Blitz"]
[Site "Chess.com"]
[Date "2021.03.02"]
[Round "7"]
[White "kamilianin235"]
[Black "Trickster_Pony"]
[Result "1-0"]
[WhiteElo "2194"]
[BlackElo "1444"]
[TimeControl "180+1"]
[EndTime "11:17:32 PST"]
[Termination "kamilianin235 won by resignation"]

1. e4 c5 2. Nf3 g6 3. d4 cxd4 4. Qxd4 Nf6 5. Nc3 Nc6 6. Qa4 d6 7. e5 dxe5 8. Nxe5 Bd7 9. Nxd7 Qxd7 10. Be3 Bg7 11. Rd1 Qc7 12. g3 O-O 13. Bg2 a6 14.
O-O Rac8 15. Rfe1 b5 16. Qh4 Rfd8 17. a4 b4 18. Na2 a5 19. c3 b3 20. Nc1 Ne5 21. Rxd8+ Rxd8 22. Bf4 Nfd7 23. Qxe7 Bf6 24. Bxe5 Nxe5 25. Qxc7 Nd3 26. Nxd3 Rxd3 27. Qc8+ Rd8 28. Re8+ Rxe8 29. Qxe8+ Kg7 30. Bd5 Bxc3 31. Qxf7+ Kh6 32. bxc3 b2 33. Ba2 1-0

[Event "*** Titled Tuesday Blitz"]
[Site "Chess.com"]
[Date "2021.03.02"]
[Round "7"]
[White "FeketeBarika"]
[Black "Iskusnyh"]
[Result "0-1"]
[WhiteElo "2289"]
[BlackElo "2611"]
[TimeControl "180+1"]
[EndTime "11:17:36 PST"]
[Termination "Iskusnyh won by resignation"]

1. Nf3 d5 2. g3 Nf6 3. Bg2 c6 4. c4 Bf5 5. O-O e6 6. cxd5 exd5 7. d3 Be7 8. Nc3 O-O 9. Re1 Na6 10. Nh4 Bg4 11.
h3 Be6 12. e4 dxe4 13. dxe4 Qxd1 14. Rxd1 Rfd8 15. Bg5 h6 16. Be3 Nb4 17. Rdc1 g5 18. Nf5 Bxf5 19. exf5 Nbd5 20. Bd4 Nb4 21. Be3 Nfd5 22.
Nxd5 Nxd5 23. Bd4 Bf6 24. Bxd5 Bxd4 25. Bc4 Bxb2 26. Rab1 Bxc1 27. Rxc1 Rd4 28. Bb3 Kg7 29. Re1 Kf6 30. g4 Rad8 31. Kg2 b5 32. f3 a5 33. Kg3 a4 34. Bc2 Rd2 35. Be4 R8d6 36. h4 Rxa2 37. hxg5+ hxg5 38. Rc1 b4 39. Bxc6 Rdd2 40. f4 Ra3+ 41. Bf3 Rdd3 42. fxg5+ Kxg5 43. Rf1 Rxf3+ 44. Rxf3 Rxf3+ 0-1

[Event "*** Titled Tuesday Blitz"]
[Site "Chess.com"]
[Date "2021.03.02"]
[Round "7"]
[White "Malev212"]
[Black "LionTheLeon_06"]
[Result "0-1"]
[WhiteElo "2561"]
[BlackElo "2713"]
[TimeControl "180+1"]
[EndTime "11:17:38 PST"]
[Termination "LionTheLeon_06 won by resignation"]

1. e4 c5 2. Nf3 d6 3. d4 cxd4 4.
Nxd4 Nf6 5. Nc3 g6 6. Be3 Bg7 7.
f3 a6 8. Qd2 h5 9. a4 b6 10. Qf2 Bb7 11. Be2 Nbd7 12. O-O Rc8 13. Rfd1 O-O 14. Qf1 Ra8 15. Nb3 Qc7 16. Rd2 Rfc8 17.
Rb1 Ne5 18. Qf2 Nfd7 19. Nd5 Bxd5 20. exd5 Nc4 21. Bxc4 Qxc4 22. Bg5 Nf6 23. Rbd1 Qxa4 24.
Qxb6 Qb5 25. Qe3 Rc7 26. Bh6 Bh8 27. Kh1 Rac8 28. Qf2 a5 29. Nc1 Qxb2 30. Nd3 Qb5 31. Nf4 a4 32. Qg3 Kh7 0-1

[Event "*** Titled Tuesday Blitz"]
[Site "Chess.com"]
[Date "2021.03.02"]
[Round "7"]
[White "FlySooHigh"]
[Black "CrushingKings"]
[Result "1-0"]
[WhiteElo "2686"]
[BlackElo "2388"]
[TimeControl "180+1"]
[EndTime "11:17:39 PST"]
[Termination "FlySooHigh won by resignation"]

1. e4 c5 2. Nf3 e6 3. c3 Nf6 4.
e5 Nd5 5. d4 cxd4 6. cxd4 b6 7.
Nc3 Nxc3 8. bxc3 Qc7 9. Bd2 Bb7 10. Bd3 d6 11. O-O Nd7 12. Re1 dxe5 13. Nxe5 Bd6 14. Qh5 Bxe5 15. dxe5 Nc5 16. Bb5+ Bc6 17. Bxc6+ Qxc6 18.
Be3 O-O 19. Qg4 Nd3 20. Bh6 g6 21. Re3 Rfd8 22. Bg5 Qxc3 23. Rf1 Rd4 24. Qf3 Nxe5 25. Qxa8+ Kg7 26. Rxc3 h6 27. Bxh6+ Kxh6 28. Qh8+ Kg5 29.
Qxe5+ Kh6 30. Qxd4 1-0

[Event "*** Titled Tuesday Blitz"]
[Site "Chess.com"]
[Date "2021.03.02"]
[Round "7"]
[White "eldur16"]
[Black "Gloomy_Wanderer"]
[Result "0-1"]
[WhiteElo "2546"]
[BlackElo "2701"]
[TimeControl "180+1"]
[EndTime "11:17:40 PST"]
[Termination "Gloomy_Wanderer won by resignation"]

1. Nf3 Nf6 2. g3 e6 3. Bg2 d5 4.
O-O Be7 5. c4 dxc4 6. Qc2 c6 7.
Qxc4 b5 8. Qc2 Bb7 9. d4 O-O 10. Nc3 a6 11. Rd1 Qb6 12. e4 c5 13. d5 Nbd7 14. h3 exd5 15. exd5 Bd6 16. Be3 Rfe8 17. Ng5 Rxe3 18. fxe3 c4 19. Qf2 Bc5 20. Re1 Re8 21. Nce4 Bb4 22. Red1 h6 23. a3 Bf8 24. Nxf6+ Nxf6 25. Nf3 Ne4 26. Qc2 Qxe3+ 27. Kh2 Bd6 28. Re1 Bxg3+ 29. Kh1 Bxe1 30. Rxe1 Nf2+ 31. Kg1 Nxh3+ 32. Kh2 Qf4+ 0-1

[Event "*** Titled Tuesday Blitz"]
[Site "Chess.com"]
[Date "2021.03.02"]
[Round "7"]
[White "zmeeed67"]
[Black "louis198"]
[Result "0-1"]
[WhiteElo "2427"]
[BlackElo "2629"]
[TimeControl "180+1"]
[EndTime "11:17:42 PST"]
[Termination "louis198 won on time"]

1. d4 e6 2. c4 d5 3. Nc3 Nf6 4.
cxd5 exd5 5. Bg5 Be7 6. e3 O-O 7. Bd3 c6 8. Qc2 h6 9. Bh4 Nbd7 10. Nf3 c5 11. dxc5 Nxc5 12. O-O Be6 13. Rad1 Rc8 14. Nd4 Nfe4 15. Nxe6 fxe6 16. Bxe7 Qxe7 17. Nxe4 Nxe4 18. Qe2 Nd6 19. Bb1 Qf6 20. Rd4 Rc4 21. Rfd1 Rxd4 22. Rxd4 Rc8 23. Rd1 Nc4 24. Qc2 Qxb2 25. Qh7+ Kf7 26.
Qg6+ Ke7 27. h4 Qf6 28. Qg3 Nd6 29. e4 Qc3 30. Qg4 dxe4 31. Bxe4 Rc4 0-1

[Event "*** Titled Tuesday Blitz"]
[Site "Chess.com"]
[Date "2021.03.02"]
[Round "7"]
[White "WilliamSchill"]
[Black "akanga001"]
[Result "0-1"]
[WhiteElo "2073"]
[BlackElo "1960"]
[TimeControl "180+1"]
[EndTime "11:17:44 PST"]
[Termination "akanga001 won on time"]

1. e4 c6 2. d4 d5 3. Nd2 dxe4 4. Nxe4 Nf6 5. Nxf6+ gxf6 6. c3 Bf5 7. Nf3 e6 8.
g3 Nd7 9. Bg2 Qb6 10. O-O O-O-O 11. b4 Qa6 12. a4 Qd3 13. Qe1 Qc2 14. Qe3 Bd3 15. Ne1 Qxc3 16. Ra3 Qxb4 17. Nxd3 Qc4 18. Ra1 h5 19. Bb2 Bh6 20. Qe2 Nb6 21. f4 Nd5 22. Rfc1 Qa6 23. Qd2 h4 24. Nc5 Qb6 25. a5 Qc7 26.
Ra3 hxg3 27. hxg3 e5 28. Rb3 b6 29. axb6 axb6 30. Bxd5 Rxd5 31. Na4 b5 32. Nc5 exf4 33. Rxb5 fxg3 0-1

[Event "*** Titled Tuesday Blitz"]
[Site "Chess.com"]
[Date "2021.03.02"]
[Round "7"]
[White "DrVelja"]
[Black "albi1999"]
[Result "1-0"]
[WhiteElo "2834"]
[BlackElo "2591"]
[TimeControl "180+1"]
[EndTime "11:17:45 PST"]
[Termination "DrVelja won by resignation"]

1. Nf3 d5 2. b3 Nf6 3. Bb2 Bg4 4. g3 Nbd7 5. Bg2 c6 6. O-O e6 7. d3 Bd6 8. Nbd2 O-O 9. Re1 e5 10. e4 Re8 11. a3 Qc7 12. h3 Bh5 13. Qe2 Nf8 14.
Qf1 Rad8 15. Nh4 dxe4 16. Nxe4 Nxe4 17. Bxe4 Ne6 18. Nf5 Bf8 19. Bxe5 Qxe5 20. Nh6+ Kh8 21. Bg6 Bxg6 22. Rxe5 gxh6 23. Rae1 Bg7 24. R5e2 Rg8 25. f4 Nd4 26. Rg2 Bf8 27. c3 Nf5 28. g4 Nh4 29. f5 Nxg2 30. Kxg2 Bh5 31. Kf3 Bxg4+ 32. hxg4 Bg7 33.
Re7 Rgf8 34. d4 c5 35. dxc5 Bxc3 36. Rxb7 Bf6 37. Qc4 Kg7 38. c6 Rd4 39. Qc2 Rfd8 40. c7 Rd3+ 41. Ke2 1-0

[Event "*** Titled Tuesday Blitz"]
[Site "Chess.com"]
[Date "2021.03.02"]
[Round "7"]
[White "MaxLeto"]
[Black "Stouuf"]
[Result "0-1"]
[WhiteElo "2421"]
[BlackElo "2606"]
[TimeControl "180+1"]
[EndTime "11:17:45 PST"]
[Termination "Stouuf won by resignation"]

1. g4 e5 2. Bg2 Ne7 3. c4 Ng6 4. d3 Nh4 5. Be4 c6 6. Nc3 Bb4 7. Qb3 a5 8. Nf3 O-O 9. Bd2 Bxc3 10. Bxc3 a4 11. Qc2 d5 12. cxd5 cxd5 13. Nxh4 dxe4 14. Nf5 Bxf5 15. gxf5 exd3 16. exd3 Qg5 17. Bxe5 Re8 18. d4 Nc6 19. Qe4 Nxd4 20. Qxd4 Rad8 21.
Qc3 Qxf5 22. O-O Rxe5 23. Qe1 Rxe1 0-1

[Event "*** Titled Tuesday Blitz"]
[Site "Chess.com"]
[Date "2021.03.02"]
[Round "7"]
[White "SanchezKelvin"]
[Black "yuki_chess123"]
[Result "0-1"]
[WhiteElo "2430"]
[BlackElo "2254"]
[TimeControl "180+1"]
[EndTime "11:17:46 PST"]
[Termination "yuki_chess123 won by resignation"]

1. d4 g6 2. c4 Bg7 3. Nf3 d6 4. Nc3 Nf6 5. e4 O-O 6. Be2 e5 7. O-O Nc6 8. d5 Nd4 9. Nxd4 exd4 10. Qxd4 Nd7 11. Qd2 Nc5 12. f3 f5 13. exf5 Bxf5 14. Nb5 c6 15. dxc6 bxc6 16. Nd4 Qb6 17. Nxf5 Rxf5 18.
Kh1 Re8 19. Bd3 Rh5 20. Qc2 Be5 21. f4 Bg7 22. Rb1 Ne6 23. Bd2 Nd4 24. Qd1 Nf5 25.
Qf3 Qd4 26. Bc3 Qe3 27. Bxg7 Ng3+ 28. Qxg3 Qxg3 29. h3 Kxg7 30. Rf3 Rxh3+ 31. Kg1 Qh2+ 32. Kf2 Rxf3+ 33. Kxf3 Qh5+ 34. Kf2 Qh4+ 35. Kf3 Qf6 36. b3 Qd4 37. Rd1 Re3+ 38. Kg4 Rxd3 0-1

[Event "*** Titled Tuesday Blitz"]
[Site "Chess.com"]
[Date "2021.03.02"]
[Round "7"]
[White "ErikRonka"]
[Black "GCamachoMartinez"]
[Result "1-0"]
[WhiteElo "2455"]
[BlackElo "2282"]
[TimeControl "180+1"]
[EndTime "11:17:46 PST"]
[Termination "ErikRonka won by resignation"]

1. e4 c5 2. Nf3 d6 3. d4 cxd4 4. Nxd4 Nf6 5. Nc3 g6 6. Be3 Bg7 7. f3 O-O 8. Qd2 Nc6 9. Bc4 Bd7 10. O-O-O Rc8 11. Bb3 Nxd4 12. Bxd4 b5 13. a3 a5 14. Nd5 Nxd5 15. Bxg7 Kxg7 16. exd5 b4 17. axb4 a4 18. Ba2 Bf5 19. Qd4+ Kg8 20. Rd2 Rc7 21. g4 Bd7 22. h4 Qa8 23. h5 g5 24. h6 f6 25. Re1 Be8 26. Rde2 Bg6 27. c3 a3 28.
Rxe7 axb2+ 29. Kxb2 Rxe7 30. Rxe7 Qa4 31. Bb3 Qb5 32.
Qa7 Qf1 33. Rg7+ Kh8 34. Rxh7+ 1-0

[Event "*** Titled Tuesday Blitz"]
[Site "Chess.com"]
[Date "2021.03.02"]
[Round "7"]
[White "PushingpawnsNYC"]
[Black "Herman-NY"]
[Result "1-0"]
[WhiteElo "2325"]
[BlackElo "2452"]
[TimeControl "180+1"]
[EndTime "11:17:49 PST"]
[Termination "PushingpawnsNYC won by resignation"]

1. e4 e5 2. Nf3 Nc6 3. d4 exd4 4. Nxd4 Nf6 5. Nxc6 bxc6 6. Qe2 d6 7. Nc3 Be7 8.
Bg5 O-O 9. O-O-O Nd7 10. Bxe7 Qxe7 11. f4 Rb8 12. Qc4 Bb7 13. Bd3 Nb6 14. Qb4 c5 15. Qa5 c4 16. Be2 Bxe4 17. Rhe1 Bc6 18. Bf3 Qd7 19.
f5 f6 20. Bh5 Bxg2 21. Rg1 Bc6 22. Rd4 Kh8 23. Rdg4 Rg8 24. Bg6 h6 25. Rh4 Rbe8 26. Nd1 Re5 27. Qd2 Qe7 28. Rxh6+ gxh6 29. Qxh6+ 1-0

[Event "*** Titled Tuesday Blitz"]
[Site "Chess.com"]
[Date "2021.03.02"]
[Round "7"]
[White "bogcsab"]
[Black "SHIVACalypso"]
[Result "0-1"]
[WhiteElo "2162"]
[BlackElo "2349"]
[TimeControl "180+1"]
[EndTime "11:17:49 PST"]
[Termination "SHIVACalypso won on time"]

1. d4 e6 2. e4 d5 3. e5 c5 4. c3 Nc6 5. Nf3 Bd7 6. Be2 f6 7. exf6 Nxf6 8. O-O Bd6 9. dxc5 Bxc5 10. Be3 Bxe3 11.
fxe3 O-O 12. Nd4 Qe7 13. Nd2 e5 14. Nf5 Bxf5 15. Rxf5 Rad8 16. Qc2 d4 17. Bc4+ Kh8 18. Nf3 dxe3 19. Re1 Qc5 20. Bb3 Ng4 21. Rxf8+ Rxf8 22. Qe2 e4 23. Nh4 Qg5 24. g3 Nce5 25. Rf1 Nf2 26. Re1 Neg4 27. Ng2 Nh3+ 0-1

[Event "*** Titled Tuesday Blitz"]
[Site "Chess.com"]
[Date "2021.03.02"]
[Round "7"]
[White "azikom"]
[Black "Ghost_Pepper"]
[Result "1-0"]
[WhiteElo "2661"]
[BlackElo "2377"]
[TimeControl "180+1"]
[EndTime "11:17:52 PST"]
[Termination "azikom won on time"]

1. d4 Nf6 2. Nf3 g6 3. Bf4 d5 4. e3 c5 5. c3 Nc6 6. Nbd2 Bg7 7. dxc5 Nd7 8. Nb3 e5 9. Bg5 f6 10. Bh4 e4 11. Nfd4 Nde5 12. Be2 O-O 13. O-O Qc7 14. Nb5 Qf7 15. Nd6 Qe6 16. Rc1 Ne7 17. c4 dxc4 18. Bxc4 Nxc4 19. Rxc4 f5 20. Nd4 Qd7 21. Qb3 Kh8 22. Rd1 Nc6 23. Nxc6 Qxc6 24. Nxc8 Raxc8 25. Rd6 Qc7 26. Bg3 Qf7 27. h4 Rc6 28. Rxc6 bxc6 29. Rb4 Qf6 30. Bd6 Rd8 31. g3 g5 32. hxg5 Qxg5 33.
Rb8 Bf6 34. Rxd8+ Bxd8 35. Qf7 f4 36. exf4 Qg4 37. Be5+ 1-0

[Event "*** Titled Tuesday Blitz"]
[Site "Chess.com"]
[Date "2021.03.02"]
[Round "7"]
[White "LogoCzar"]
[Black "Na_binci"]
[Result "1-0"]
[WhiteElo "2348"]
[BlackElo "2152"]
[TimeControl "180+1"]
[EndTime "11:17:52 PST"]
[Termination "LogoCzar won by resignation"]

1. e4 c5 2. Nf3 d6 3. d4 cxd4 4. Nxd4 Nf6 5. Nc3 g6 6. Be3 Bg7 7. f3 O-O 8. Qd2 Nc6 9. Bc4 Ne5 10. Bb3 Bd7 11. O-O-O Rc8 12. Kb1 a6 13. h4 h5 14. g4 hxg4 15. h5 Nxh5 16. Rdg1 g3 17. Bh6 Kh7 18. Bxg7 Kxg7 19. Rxh5 gxh5 20. Rxg3+ Ng6 21.
Nf5+ Bxf5 22. exf5 Qa5 23. fxg6 f6 24. f4 Rc5 25.
Qe3 e5 26. f5 d5 27. Nxd5 Rxd5 28. Bxd5 Qxd5 29. a3 Qd1+ 30. Ka2 Qxc2 31. Qb6 Qc6 32. Qf2 Qc5 33. Qxc5 1-0

[Event "*** Titled Tuesday Blitz"]
[Site "Chess.com"]
[Date "2021.03.02"]
[Round "7"]
[White "j2806"]
[Black "ChessFighter1975"]
[Result "0-1"]
[WhiteElo "2087"]
[BlackElo "2343"]
[TimeControl "180+1"]
[EndTime "11:17:55 PST"]
[Termination "ChessFighter1975 won by resignation"]

1. e4 d6 2. d4 Nf6 3. Nc3 Nbd7 4. Be3 e5 5. d5 c6 6. f3 cxd5 7.
Nxd5 Nxd5 8. Qxd5 Be7 9. O-O-O O-O 10. g4 a6 11. h4 Nf6 12. Qd2 Be6 13. Kb1 Rc8 14.
h5 h6 15. g5 hxg5 16. Bxg5 Rc6 17. Qg2 Nh7 18. Bxe7 Qxe7 19. Ne2 Qg5 20. Qh2 Rfc8 21.
Nc3 b5 22. Bd3 b4 23. Nd5 Bxd5 24. exd5 Rc5 25. Rhg1 Qh6 26. Qh3 Nf6 27. Bxa6 R8c7 28. Bd3 Nxd5 29. Rc1 Nf4 30. Qf5 Nxd3 31. Qxd3 d5 32. Qf5 b3 33. axb3 Ra7 34. Qxe5 Rca5 35. c3 Qh7+ 0-1

[Event "*** Titled Tuesday Blitz"]
[Site "Chess.com"]
[Date "2021.03.02"]
[Round "7"]
[White "Korchmar_Vasiliy"]
[Black "AlexTriapishko"]
[Result "1-0"]
[WhiteElo "2655"]
[BlackElo "2790"]
[TimeControl "180+1"]
[EndTime "11:17:56 PST"]
[Termination "Korchmar_Vasiliy won on time"]

1. d4 Nf6 2. Nf3 e6 3. Bf4 c5 4. e3 cxd4 5. exd4 b6 6. Nbd2 Bb7 7. Bd3 Be7 8. h3 O-O 9. O-O d6 10. Qe2 a6 11. a4 Nbd7 12. Bh2 Qc7 13. Rfc1 Rfe8 14.
a5 b5 15. c4 bxc4 16. Nxc4 Qb8 17. b4 Bc6 18. Ne3 Qb7 19. Nd2 Nd5 20. Nec4 Nxb4 21.
Rab1 Bxg2 22. Nxd6 Bxd6 23. Bxd6 Qd5 24. Bxb4 Nf6 25.
Rc5 Qxd4 26. Kxg2 Rad8 27. Rb3 Nd5 28. Rxd5 Rxd5 29. Nf3 Qf4 30. Qe4 Qxe4 31. Bxe4 Rb5 32. Bc6 1-0